 Dungeon Crawl Stone Soup version 0.26-a0-651-gb41185065b (webtiles) character file.

Game seed: 9828776739601501717

335 Inarius the Chopper (level 6, 0/52 HPs)
             Began as a Draconian Chaos Knight on Oct 30, 2020.
             Was a Plaything of Xom.
             Slain by a harpy (13 damage)
             ... on level 3 of the Dungeon.
             The game lasted 00:02:19 (2629 turns).

Inarius the Chopper (Draconian Chaos Knight)        Turns: 2629, Time: 00:02:20

Health: 0/52       AC:  6    Str: 16    XL:     6   Next: 28%
Magic:  1/6        EV: 12    Int: 12    God:    Xom [......]
Gold:   185        SH:  3    Dex: 11    Spells: 5/5 levels left

rFire    . . .     SeeInvis .   a - +0 hand axe (chaos)
rCold    . . .     Faith    .   o - +0 buckler
rNeg     . . .     Spirit   .   (armour unavailable)
rPois    .         Reflect  .   (helmet restricted)
rElec    .         Harm     .   (no cloak)
rCorr    .         Rampage  .   (no gloves)
MR       .....                  (no boots)
Stlth    ++........             (no amulet)
HPRegen  0.17/turn              (no ring)
MPRegen  0.10/turn              (no ring)

@: flying, hasted, very quick
A: unfitting armour, cold-blooded, AC +6
a: Renounce Religion


You were on level 3 of the Dungeon.
You worshipped Xom.
You were a very special plaything of Xom.
You visited 1 branch of the dungeon, and saw 3 of its levels.

You collected 185 gold pieces.

Inventory:

Hand Weapons
 a - a +0 hand axe of chaos (weapon)
Armour
 o - a +0 buckler (worn)
Jewellery
 e - an uncursed amulet of regeneration {unknown}
Scrolls
 b - 2 scrolls of remove curse {unknown}
 g - a scroll of blinking {unknown}
 h - 3 scrolls of identify {unknown}
 i - a scroll of fog {unknown}
 m - a scroll of fear {unknown}
 n - a scroll of amnesia {unknown}
 p - a scroll of teleportation {unknown}
Potions
 c - 2 potions of flight
 d - a potion of heal wounds
 j - a potion of cancellation {unknown}
 k - a potion of curing {unknown}
 l - a potion of might {unknown}


   Skills:
 + Level 4.2 Fighting
 * Level 6.0 Axes
 + Level 2.9 Dodging
 + Level 1.2 Stealth
 + Level 0.1 Shields
   Level 0.3 Evocations


You had 5 spell levels left.
You didn't know any spells.
Your spell library contained the following spells:

 Spells                   Type           Power        Failure   Level
 Animate Skeleton         Necr           #.....       47%         1
 Pain                     Necr           #...         47%         1
 Confusing Touch          Hex            #.......     85%         3
 Gell's Gravitas          Tloc           #.........   85%         3
 Vampiric Draining        Necr           #.........   85%         3
 Animate Dead             Necr           #.........   99%         4
 Petrify                  Tmut/Erth      #.......     99%         4
 Agony                    Necr           #.......     100%        5
 Metabolic Englaciation   Hex/Ice        #.........   100%        5
 Yara's Violent Unravell  Hex/Tmut       #.........   100%        5


Dungeon Overview and Level Annotations

Branches:
Dungeon (3/15)

Altars:


Innate Abilities, Weirdness & Mutations

Your plain brown scales are hard. (AC +6)
You cannot fit into any form of body armour.
You are cold-blooded and may be slowed by cold attacks.


Message History

You slash the harpy!
Your tail-slap misses the harpy.
The harpy is moderately wounded.
The harpy claws you. The harpy claws you but does no damage.
The harpy claws you. The harpy claws you but does no damage.
Items here: $ )) [ †.
The harpy claws you! The harpy completely misses you.
Found a scroll labeled LITSAISEME.
You are too injured to fight recklessly!
You are too injured to fight recklessly!
You are too injured to fight recklessly!
You hit the harpy. You freeze the harpy.
The harpy is moderately wounded.
The harpy claws you.
* * * LOW HITPOINT WARNING * * *
The harpy closely misses you.
You hit the harpy. You freeze the harpy.
The harpy is heavily wounded.
The harpy completely misses you. The harpy claws you!
You die...
Xom titters!

#..# #.# #..........> #..#
#.# #.#..###.###
#..######.######.#..# #.# #
#................#..###.###
##.....[#.#.######.........
### #..........#.####.###
#..#.)####...# ##.###
#.##)## ##..###...†. # #5@#
#...##..### #..H?#
#....#..# ##..## ##.......#
#### .#.....#..#
...........###
.#####.##..... # #.##..###
#.##.)# #.##..#


You could see a harpy (corona) and a friendly ufetubus (summoned).

Vanquished Creatures
  A merfolk (shapeshifter) (D:3)
  Jessica (D:2)
  An adder (D:3)
  An ooze (D:3)
  A leopard gecko (D:3)
  10 orcs (D:3)
  5 bats
  2 giant cockroaches
  11 goblins
  5 hobgoblins
  4 jackals
  11 kobolds
  A quokka (D:3)
  3 frilled lizards
  11 rats
68 creatures vanquished.

Vanquished Creatures (collateral kills)
  A rat (D:1)
1 creature vanquished.

Grand Total: 69 creatures vanquished

Notes
Turn   | Place    | Note
-------+----------+-------------------------------------------
     0 | D:1      | Inarius the Draconian Chaos Knight began the quest for the
                  | Orb.
     0 | D:1      | Reached XP level 1. HP: 19/19 MP: 1/1
    22 | D:1      | XOM: divination: detect creatures
   280 | D:1      | Reached XP level 2. HP: 26/26 MP: 2/2
   729 | D:1      | XOM: cast spell 'Summon Small Mammal'
   913 | D:1      | Reached XP level 3. HP: 30/31 MP: 3/3
  1245 | D:2      | Noticed Jessica
  1247 | D:2      | XOM: cast spell 'Alistair's Intoxication'
  1252 | D:2      | Killed Jessica
  1252 | D:2      | Reached skill level 4 in Axes
  1420 | D:2      | XOM: 8-stop teleportation journey
  1533 | D:2      | Reached XP level 4. HP: 36/40 MP: 4/4
  1539 | D:2      | XOM: cloud trail
  2002 | D:3      | XOM: cloud trail
  2059 | D:3      | XOM: silly message
  2298 | D:3      | Noticed a glowing shapeshifter
  2298 | D:3      | a worm changed into a glowing shapeshifter
  2298 | D:3      | XOM: silly message
  2298 | D:3      | Noticed a merfolk
  2298 | D:3      | a glowing shapeshifter changed into a merfolk
  2308 | D:3      | Killed a merfolk
  2308 | D:3      | Reached skill level 6 in Axes
  2308 | D:3      | Reached skill level 1 in Stealth
  2308 | D:3      | Reached XP level 5. HP: 10/46 MP: 5/5
  2308 | D:3      | Reached XP level 6. HP: 12/52 MP: 6/6
  2594 | D:3      | XOM: noise
  2617 | D:3      | Noticed a harpy
  2620 | D:3      | XOM: silly message
  2623 | D:3      | XOM: summons friendly ufetubus
  2624 | D:3      | XOM: fake destruction
  2629 | D:3      | Slain by a harpy

Illustrated notes

Levels and vault maps discovered:
D:1:      lemuel_arrival_cross, layout_loops_corners
D:2:      layout_loops_ring, uniq_jessica
D:3:      layout_loops_ring, minmay_close_crescents

Skill      XL: |  1  2  3  4 |
---------------+-------------+-----
Axes           | 4 6 |  6.0
Fighting       | 4 |  4.2
Stealth        | 1 |  1.2
Dodging        | |  2.9
Shields        | |  0.1
Evocations     | |  0.3

Action                   |  1- 3 |  4- 6 || total
-------------------------+-------+-------++-------
Melee: Hand axe          |    91 |   104 ||   195
       Tailslap          |     8 |     8 ||    16
Evoke: Wand              |       |     5 ||     5
  Use: Potion            |       |     3 ||     3
 Stab: Paralysed         |     1 |     3 ||     4
Armor: Skin              |    22 |    27 ||    49
Dodge: Dodged            |    48 |    43 ||    91
Block: Buckler           |       |     8 ||     8

Table legend: (Time is in decaauts)
 A = Elapsed time spent in this place.
 B = Non-inter-level travel time spent in this place.
 C = Inter-level travel time spent in this place.
 D = Time resting spent in this place.
 E = Time spent auto-exploring this place.
 F = Levels seen in this place.
 G = Mean time per level.
                   A        B        C        D        E       F      G
               +--------+--------+--------+--------+--------+-----+--------+
         Total |   2645 |   2609 |     36 |    231 |   1936 |   3 |  881.7 |
       Dungeon |   2645 |   2609 |     36 |    231 |   1936 |   3 |  881.7 |
               +--------+--------+--------+--------+--------+-----+--------+

Top non-repeatable levels by time:
     D:1: 1231 daAuts
     D:3: 852 daAuts
     D:2: 560 daAuts
